 Dungeon Crawl Stone Soup version 0.28.0-53-g5a82cb258f (webtiles) character file.

Game seed: 14180517284290062092

21436 Ashen the Ogre Mage (level 12, -12/128 HPs)
             Began as an Ogre Summoner on June 17, 2022.
             Was an Elder of Vehumet.
             Engulfed by an ice statue's freezing vapour (25 damage)
             ... in a Gauntlet.
             The game lasted 00:50:20 (16517 turns).

Ashen the Ogre Mage (Ogre Summoner)                Turns: 16517, Time: 00:50:21

Health: -12/128    AC: 10    Str: 17    XL:     12   Next: 90%
Magic:  26/28      EV: 11    Int: 20    God:    Vehumet [****..]
Gold:   437        SH:  0    Dex:  9    Spells: 10/36 levels left

rFire   . . .      SeeInvis +   n - +8 trident of the Octopus King {venom, rElec rPois}
rCold   . . .      Faith    .   (no shield)
rNeg    . . .      Spirit   .   w - +0 steam dragon scales
rPois   +          Reflect  .   G - +0 hat
rElec   +          Harm     .   l - scarf {repulsion}
rCorr   +          Rampage  .   (gloves unavailable)
Will    +....      NoTele   +   (boots unavailable)
Stlth   +++.......              u - amulet of regeneration
HPRegen 1.11/turn               x - ring of Spring {rCorr AC+4 Str+2}
MPRegen 0.21/turn               a - ring of see invisible

@: repel missiles
A: large, unfitting armour, tough skin 1
a: Renounce Religion


You were in a Gauntlet.
You worshipped Vehumet.
Vehumet was greatly pleased with you.
You visited 2 branches of the dungeon, and saw 13 of its levels.
You also visited: Gauntlet.

You collected 1102 gold pieces.
You spent 665 gold pieces at shops.

Inventory:

Hand Weapons
 n - the +8 trident of the Octopus King (weapon) {venom, rElec rPois}
   (You found it on level 4 of the Dungeon)

   It poisons the flesh of those it strikes.
   rElec:     It insulates you from electricity.
   rPois:     It protects you from poison.
 o - a +6 dagger of electrocution
 p - a +0 vorpal morningstar
 s - a +0 spectral giant spiked club
Armour
 l - a scarf of repulsion (worn)
 w - +0 steam dragon scales (worn)
 G - a +0 hat (worn)
 J - a +1 robe of positive energy
Jewellery
 a - a ring of see invisible (right hand)
 e - an amulet of the acrobat
 m - an amulet of guardian spirit
 u - an amulet of regeneration (around neck)
 x - the ring of Spring (left hand) {rCorr AC+4 Str+2}
   (You found it on level 7 of the Dungeon)

   [ring of protection]

   AC:        It affects your AC (+4).
   Str:       It affects your strength (+2).
   rCorr:     It protects you from acid and corrosion.
 z - a +6 ring of strength
 L - a ring of wizardry
Wands
 r - a wand of iceblast (25)
 E - a wand of flame (24)
 F - a wand of acid (2)
Scrolls
 b - 2 scrolls of fog
 c - 6 scrolls of fear
 d - 6 scrolls of teleportation
 h - a scroll of brand weapon
 i - 3 scrolls of amnesia {unknown}
 y - 3 scrolls of immolation {unknown}
 C - a scroll of summoning
 D - a scroll of torment
 H - 2 scrolls of magic mapping {unknown}
 K - a scroll of enchant weapon {unknown}
 M - a scroll of enchant armour
Potions
 f - a potion of might
 g - 3 potions of mutation
 k - 2 potions of lignification
 q - a potion of attraction
 t - 2 potions of haste
 A - 2 potions of resistance


   Skills:
 + Level 10.9 Fighting
 + Level 7.9 Dodging
 - Level 5.0 Stealth
 * Level 12.5 Spellcasting
 * Level 4.5 Conjurations
 - Level 8.0 Summonings
 * Level 7.4 Air Magic


You had 10 spell levels left.
You knew the following spells:

 Your Spells              Type           Power      Damage    Failure   Level
a - Summon Small Mammal   Summ           100%       N/A       1%          1
b - Call Imp              Summ           44%        N/A       1%          2
c - Call Canine Familiar  Summ           44%        N/A       1%          3
d - Summon Lightning Spi  Summ/Air       43%        N/A       2%          4
e - Freeze                Ice            48%        1d7       1%          1
f - Summon Guardian Gole  Hex/Summ       28%        N/A       3%          3
g - Animate Skeleton      Necr           24%        N/A       5%          1
h - Shock                 Conj/Air       100%       1d9       1%          1
i - Vampiric Draining     Necr           12%        2d6       16%         3
j - Hailstorm             Conj/Ice       21%        3d6       5%          4
k - Ignite Poison         Fire/Tmut/Pois 12%        N/A       4%          3

Your spell library contained the following spells:

 Spells                   Type           Power      Damage    Failure   Level
 Freezing Cloud           Conj/Ice/Air   14%        6-21      8%          5
 Corpse Rot               Necr/Air       54%        N/A       1%          2
 Poisonous Vapours        Pois/Air       54%        N/A       1%          2
 Dazzling Flash           Conj/Hex       42%        N/A       1%          3
 Frozen Ramparts          Ice            24%        1d4       4%          3
 Apportation              Tloc           24%        N/A       5%          1
 Pain                     Necr           48%        1d6       5%          1
 Slow                     Hex            48%        N/A       5%          1
 Confusing Touch          Hex            12%        N/A       16%         3
 Gell's Gravitas          Tloc           12%        N/A       16%         3
 Teleport Other           Tloc           12%        N/A       16%         3
 Silence                  Hex/Air        13%        N/A       32%         5
 Agony                    Necr           12%        N/A       83%         5
 Dispersal                Tloc           6%         N/A       100%        6


Dungeon Overview and Level Annotations

Branches:
Dungeon (12/15)            Temple (1/1) D:6            Lair (0/6) D:9
    Orc (0/2) D:11        Gauntlet (1/1)

Altars:
Ashenzari
Cheibriados
Dithmenos
Elyvilon
Fedhas
Gozag
Hepliaklqana
Kikubaaqudgha
Makhleb
Nemelex Xobeh
Okawaru
Qazlal
Ru
Sif Muna
Trog
Uskayaw
Vehumet
Wu Jian
Xom
Yredelemnul
Zin
The Shining One

Shops:
D:1 ?!![:   D:2 *   D:8 [(:   D:10 =

Portals:
Trove: D:11 (show abyssal rune of Zot)

Annotations:
D:7 2 transporters, raph's ghost, novice DENe
D:10 2 runed translucent doors Gauntlet 3 transporters, exclusion: ice statue


Innate Abilities, Weirdness & Mutations

You are too large for most types of armour.
You have tough skin. (AC +1)


Message History

Your hound is engulfed in freezing vapours.
The ice statue gestures at you. The freezing blast engulfs you.
You are engulfed in freezing vapours.
Your hound is engulfed in freezing vapours.
Your hound dies!
Your hound's corpse disappears in a puff of smoke!
The ice statue gestures.
There is a transporter here.
You see here a potion of attraction.
You see here a +5 hand crossbow.
You reach to attack!
You hit the ice statue but do no damage.
The ice statue is severely damaged.
The ice statue gestures.
You reach to attack!
You puncture the ice statue!
The ice statue is severely damaged.
The ice statue gestures at you. The freezing blast engulfs you.
You are engulfed in freezing vapours.
The ice statue glitters chillingly in the dim dungeon light.
You see here a potion of attraction.
You are engulfed in freezing vapours.
The ice statue gestures.
There is a transporter here.
You barely miss the ice beast.
You are engulfed in freezing vapours.
The ice beast hits you but does no damage.
The ice statue gestures at you. The freezing blast engulfs you!!
* * * LOW HITPOINT WARNING * * *
The ice beast closely misses you.
Okay, then.
You feel better.
You are engulfed in freezing vapours.
* * * LOW HITPOINT WARNING * * *
The ice beast hits you.
* * * LOW HITPOINT WARNING * * *
The ice beast freezes you!
* * * LOW HITPOINT WARNING * * *
You are engulfed in freezing vapours.
You die...

..#...#.........#.8.#........
#.#...#..##.##..#...#..PP....
#.#...#.##...##.#####.P#P..#.
..#...#.#.....#.#...#........
..#...#....©....#©.©#....©...
.4#...#§#.....#÷#...#....)...
#2#...#☼##°..##Y#####..#...#.
#4#...#☼°##8##.°#...#........
..#...#☼°YY°@).°#.8.#....©.(.
###...###########...#########
.............................
...§∩§.......................
#############################
............≈ #8# #8# #8 #8#
8..©.©..8.8.8# ## # # ## ###
...........≈#


You could see an ice statue and 3 ice beasts.

Vanquished Creatures
  A centaur warrior (D:10)
  3 two-headed ogres
  Urug (D:10)
  A manticore (D:10)
  2 cyclopes (D:11)
  3 centaur zombies (D:11)
  A moth of wrath (Gauntlet)
  An unseen horror (D:12)
  A rime drake (Gauntlet)
  A meliai (D:10)
  A slime creature (D:8)
  A wraith (D:10)
  A nameless horror (D:7)
  22 yaks
  Edmund (D:3)
  A steam dragon (D:8)
  A vampire mosquito (D:12)
  2 wargs (D:9)
  2 water moccasins
  A sky beast (D:5)
  2 ice beasts (D:8)
  A hornet zombie (D:7)
  2 black bears
  10 orc warriors
  2 ogres (D:5)
  3 necrophages
  6 centaurs
  3 kobold brigands
  3 bullfrogs
  A gnoll sergeant (D:11)
  A scorpion (D:6)
  A water moccasin zombie (D:5)
  6 killer bees (D:9)
  An electric eel (D:7)
  14 wights
  2 howler monkeys
  A bullfrog zombie (D:6)
  2 jellies (D:5)
  2 hounds
  10 orc priests
  A bullfrog skeleton (D:4)
  2 centaur skeletons
  9 orc wizards
  2 killer bee zombies
  A hound skeleton (D:4)
  3 howler monkey zombies
  2 adders (D:2)
  7 gnolls
  A shadow imp (D:5)
  A white imp (D:6)
  An adder skeleton (D:4)
  A worm (D:5)
  2 dart slugs
  41 orcs
  5 ball pythons
  3 bats
  5 endoplasms
  4 goblins
  7 hobgoblins
  A jackal (D:1)
  A quokka (D:3)
  2 frilled lizards
  7 kobolds
  5 rats
  A spectral hobgoblin (D:3)
236 creatures vanquished.

Vanquished Creatures (collateral kills)
  Gastronok (D:9)
  A catoblepas (Gauntlet)
  Nergalle (D:10)
  2 gargoyles
  A rime drake (Gauntlet)
  An unseen horror (D:9)
  Sigmund (D:4)
  A yak (D:10)
  A vampire (D:9)
  A steam dragon (D:7)
  A vampire mosquito (D:12)
  A warg (D:9)
  A black bear (D:4)
  2 small abominations (Gauntlet)
  A wolf (Gauntlet)
  A wyvern skeleton (D:5)
  2 killer bees (D:9)
  3 wights
  A howler monkey (D:4)
  3 centaur zombies
  An orc priest (D:3)
  An iguana (D:4)
  4 orc wizards
  2 adders (D:2)
  A worm (D:2)
  10 orcs
  3 bats
  3 giant cockroaches (D:2)
  4 goblins
  6 hobgoblins
  2 jackals (D:1)
  A quokka (D:3)
  7 ball pythons
  2 frilled lizards
  3 rats (D:1)
77 creatures vanquished.

Vanquished Creatures (others)
  Maurice (D:9)
  A centaur zombie (D:10)
  Prince Ribbit (D:7)
  2 wolves (Gauntlet)
  2 wights (D:7)
  2 orc wizards (D:9)
  4 small abominations (Gauntlet)
  An ufetubus (D:7)
  An orc (D:7)
  8 fungi (Gauntlet)
  28 plants
51 creatures vanquished.

Grand Total: 364 creatures vanquished

Notes
Turn   | Place    | Note
-------+----------+-------------------------------------------
     0 | D:1      | Ashen the Ogre Summoner began the quest for the Orb.
     0 | D:1      | Reached XP level 1. HP: 16/16 MP: 3/3
   144 | D:1      | Found Josiucoa's Armour Shop.
   156 | D:1      | Found Liwestae's Book Boutique.
   517 | D:1      | Reached XP level 2. HP: 20/26 MP: 3/5
   963 | D:1      | Reached skill level 1 in Fighting
  1094 | D:1      | Found Abuwikep's Distillery.
  1376 | D:1      | HP: 1/27 [jackal (1)]
  1451 | D:1      | Found Cinemp's Magic Scroll Shop.
  1469 | D:1      | Reached XP level 3. HP: 10/33 MP: 5/7
  1472 | D:1      | Learned a level 2 spell: Call Imp
  1476 | D:1      | Learned a level 3 spell: Call Canine Familiar
  1923 | D:1      | Found Texolyo's Distillery.
  2244 | D:2      | Found Wimiax's General Store.
  2263 | D:2      | Reached skill level 3 in Spellcasting
  2266 | D:2      | HP: 2/52 [poisoned by an adder]
  2620 | D:1      | Bought a scroll of teleportation for 30 gold pieces
  2786 | D:2      | Reached XP level 4. HP: 40/42 MP: 6/8
  3509 | D:3      | Found a faded altar of an unknown god.
  3613 | D:3      | Reached XP level 5. HP: 50/50 MP: 2/9
  4128 | D:3      | Found a faded altar of an unknown god.
  4132 | D:3      | Found a snail-covered altar of Cheibriados.
  4703 | D:4      | Identified the +2 pair of boots "Adgheiquh" {rElec rF++
                  | Str+3 Dex-2}
  4764 | D:4      | Learned a level 4 spell: Summon Lightning Spire
  4766 | D:4      | Learned a level 1 spell: Freeze
  4828 | D:4      | Noticed a black bear
  4828 | D:4      | Found the +8 trident of the Octopus King {venom, rElec
                  | rPois}
  4837 | D:4      | Killed a black bear
  4838 | D:4      | Reached XP level 6. HP: 31/61 MP: 4/11
  5118 | D:4      | Reached skill level 4 in Spellcasting
  5306 | D:4      | Reached XP level 7. HP: 65/70 MP: 10/13
  5385 | D:4      | Noticed Edmund
  5387 | D:4      | Noticed Sigmund
  5425 | D:3      | Killed Edmund
  5896 | D:4      | Killed Sigmund
  5897 | D:4      | Reached skill level 5 in Summonings
  6184 | D:5      | Entered Level 5 of the Dungeon
  6222 | D:5      | Reached skill level 5 in Spellcasting
  6449 | D:5      | Reached skill level 5 in Fighting
  6449 | D:5      | Reached XP level 8. HP: 79/80 MP: 10/15
  6812 | D:5      | Reached skill level 6 in Spellcasting
  7241 | D:5      | Reached XP level 9. HP: 92/92 MP: 16/19
  7441 | D:6      | Reached skill level 7 in Spellcasting
  7457 | D:6      | Reached skill level 5 in Dodging
  7581 | D:6      | Found a staircase to the Ecumenical Temple.
  7603 | Temple   | Entered the Ecumenical Temple
  7824 | Temple   | Became a worshipper of Vehumet
  8238 | D:6      | Found a glowing golden altar of the Shining One.
  8488 | D:6      | Learned a level 3 spell: Summon Guardian Golem
  8490 | D:6      | Learned a level 1 spell: Animate Skeleton
  8624 | D:7      | Reached skill level 8 in Spellcasting
  8647 | D:7      | Noticed a nameless horror
  8867 | D:7      | Killed a nameless horror
  9020 | D:7      | Found a transporter.
  9025 | D:7      | Noticed raph's ghost (novice DENe)
  9027 | D:7      | Noticed a moth of wrath
  9178 | D:7      | Noticed Prince Ribbit
  9193 | D:7      | Killed Prince Ribbit
  9357 | D:7      | Identified the ring of Spring {rCorr AC+4 Str+2}
 10145 | D:7      | Found a transporter.
 10190 | D:7      | Reached * piety under Vehumet
 10190 | D:7      | Offered knowledge of Shock by Vehumet.
 10191 | D:7      | Reached skill level 9 in Spellcasting
 10191 | D:7      | Reached XP level 10. HP: 92/104 MP: 17/23
 10197 | D:7      | Reached skill level 1 in Air Magic
 10201 | D:7      | Learned a level 1 spell: Shock
 10205 | D:7      | Learned a level 3 spell: Vampiric Draining
 10210 | D:7      | Learned a level 4 spell: Hailstorm
 10770 | D:8      | Found Kilu Zae's Book Shop.
 11054 | D:8      | Found Wuawnaipt's Antique Weapon Emporium.
 11099 | D:8      | Found Oporhag's Armour Shop.
 11510 | D:1      | Bought a scroll of teleportation for 30 gold pieces
 11510 | D:1      | Bought a scroll of blinking for 75 gold pieces
 11510 | D:1      | Bought a scroll of summoning for 95 gold pieces
 11510 | D:1      | Bought a scroll of torment for 75 gold pieces
 11510 | D:1      | Bought a scroll of teleportation for 30 gold pieces
 11510 | D:1      | Bought a scroll of blinking for 75 gold pieces
 11510 | D:1      | Bought a scroll of teleportation for 30 gold pieces
 11744 | D:8      | Noticed a two-headed ogre
 11762 | D:8      | Killed a two-headed ogre
 11849 | D:8      | Found a bloodstained altar of Trog.
 11938 | D:8      | Reached ** piety under Vehumet
 12014 | D:8      | Offered knowledge of Scorch by Vehumet.
 12232 | D:9      | Reached skill level 10 in Spellcasting
 12293 | D:9      | Found a staircase to the Lair.
 12330 | D:9      | Reached XP level 11. HP: 111/113 MP: 25/25
 12343 | D:9      | Noticed a two-headed ogre
 12369 | D:9      | Killed a two-headed ogre
 12689 | D:9      | Offered knowledge of Conjure Flame by Vehumet.
 12704 | D:9      | Reached skill level 5 in Stealth
 12885 | D:9      | Noticed Maurice
 12896 | D:9      | Killed Maurice
 12993 | D:9      | Noticed Gastronok
 13008 | D:9      | Killed Gastronok
 13180 | D:10     | Entered Level 10 of the Dungeon
 13230 | D:10     | Noticed a deep elf pyromancer
 13230 | D:10     | Noticed a centaur warrior
 13231 | D:10     | Noticed a manticore
 13323 | D:10     | Found a runed translucent gate.
 13323 | D:10     | Found a runed translucent gate.
 13324 | D:10     | Found a runed translucent gate.
 13325 | D:10     | Noticed a red ugly thing
 13326 | D:10     | Noticed a red ugly thing
 13326 | D:10     | Noticed a green ugly thing
 13327 | D:10     | Noticed a brown ugly thing
 13328 | D:10     | Noticed a purple ugly thing
 13329 | D:10     | Noticed a glowing orange brain
 13329 | D:10     | Noticed a red ugly thing
 13347 | D:10     | Reached skill level 5 in Air Magic
 13356 | D:10     | Noticed a sea snake
 13370 | D:10     | Noticed a harpy
 13375 | D:10     | a harpy changed into a jumping spider
 13414 | D:10     | Reached *** piety under Vehumet
 13419 | D:10     | Found a shimmering blue altar of Sif Muna.
 13462 | D:10     | Reached skill level 11 in Spellcasting
 13628 | D:10     | Found Berr's Jewellery Emporium.
 13670 | D:10     | Killed a manticore
 13744 | D:10     | Bought a ring of see invisible for 225 gold pieces
 13947 | D:10     | Noticed Urug
 13956 | D:10     | Killed Urug
 13957 | D:10     | Reached skill level 10 in Fighting
 13957 | D:10     | Reached skill level 1 in Conjurations
 14094 | D:10     | Reached XP level 12. HP: 114/126 MP: 14/27
 14168 | D:10     | Noticed Nergalle
 14182 | D:10     | Killed Nergalle
 14546 | D:10     | Killed a centaur warrior
 14702 | D:11     | Noticed a two-headed ogre
 14718 | D:11     | Offered knowledge of Ignite Poison by Vehumet.
 14727 | D:11     | HP: 1/127 [two-headed ogre/+0 giant club (18)]
 14742 | D:10     | Learned a level 3 spell: Ignite Poison
 14782 | D:11     | Killed a two-headed ogre
 14858 | D:11     | Found a portal to a secret trove of treasure.
 14908 | D:11     | Identified the +2 shortbow of Theory {venom, Will++ Str-2}
 15073 | D:11     | Reached skill level 12 in Spellcasting
 15546 | D:11     | Found a staircase to the Orcish Mines.
 15908 | D:12     | Found a gate leading to a gauntlet.
 15931 | Gauntlet | Entered a Gauntlet
 15931 | Gauntlet | Noticed a catoblepas
 15931 | Gauntlet | Found a transporter.
 15931 | Gauntlet | Found a transporter.
 15931 | Gauntlet | Found a transporter.
 15942 | Gauntlet | Found a transporter.
 15965 | Gauntlet | Found a transporter.
 15973 | Gauntlet | Noticed a blizzard demon
 15981 | Gauntlet | Reached **** piety under Vehumet
 15983 | Gauntlet | HP: 5/128 [small abomination (11)]
 16105 | Gauntlet | Found a transporter.
 16106 | Gauntlet | Found a transporter.
 16131 | Gauntlet | Noticed a catoblepas
 16197 | Gauntlet | Found a transporter.
 16200 | Gauntlet | Found a transporter.
 16211 | Gauntlet | Killed a catoblepas
 16265 | Gauntlet | Found a transporter.
 16281 | Gauntlet | Offered knowledge of Freezing Cloud by Vehumet.
 16382 | Gauntlet | HP: 4/128 [something] (21)]
 16383 | Gauntlet | HP: 1/128 [something] (23)]
 16517 | Gauntlet | Engulfed by an ice statue's freezing vapour

Illustrated notes

Levels and vault maps discovered:
D:1:      dpeg_arrival_fog, layout_loops_ring, serial_shops, nicolae_shop_stone,
          nicolae_shop_advertising_works [nicolae_subvault_shop_adworks],
          nicolae_lakefront_shop, nicolae_shop_behind_doors, shop
D:2:      layout_rooms, serial_shops, nicolae_shop_hallway_stairs
D:3:      layout_loops_ring, nicolae_overflow_ecumenical_swirl,
          dreamdust_ecumenical_altar_drowned_temple,
          chequers_serial_rivers_micro_e
D:4:      layout_basic, minivault_14, hangedman_abyss_or_decor_slice,
          sigmund_edmund_badplayer, uniq_edmund
D:5:      layout_basic
D:6:      layout_cave_pools, mainiacjoe_overflow_surrounded_room,
          minmay_temple_entry_large_hall
D:7:      layout_basic, gammafunk_ghost_berserking_beasts, minmay_holes,
          serial_bayou_ford_a, uniq_prince_ribbit1
D:8:      hangedman_cross_stitches, layout_loops_ring,
          trog_three_pillars_becter, serial_shops, shop, nicolae_diamond_shop,
          nicolae_diamond_shop, blue_anna_alchemist
D:9:      layout_irregular_city, erik_lair_orcish_takeover, nicolae_wwwww,
          uniq_gastronok, uniq_maurice
D:10:     minmay_the_grid_octo_2x2 [minmay_the_grid_octo_empty,
          minmay_the_grid_octo_checkered, minmay_the_grid_octo_thin_diamonds,
          minmay_the_grid_octo_prize_big_c], layout_irregular_city,
          mainiacjoe_overflow_24_doors, serial_shops, nicolae_diamond_shop,
          ploomutoo_gammafunk_ghost_potion_laboratory, uniq_urug, uniq_nergalle
D:11:     layout_roguey, david_orc_4, enter_trove_1
D:12:     layout_roguey, gauntlet_entry_generic
Temple:   eino_narrow_crystal_temple
Gauntlet: gammafunk_gauntlet_shortcut [nicolae_gauntlet_arena_grate_2,
          gammafunk_gauntlet_arena_split_x, nicolae_gauntlet_arena_quarters,
          gammafunk_gauntlet_arena_grid, gammafunk_gauntlet_arena_hedges,
          gammafunk_gauntlet_arena_split_diamond,
          dreamdust_gauntlet_exit_labyrinth]

Skill      XL: |  1  2  3  4  5  6  7  8  9 10 11 12 |
---------------+-------------------------------------+-----
Dodging        | 2 3 4 5 6 7 |  7.9
Fighting       | 1 2 3 4 5 6 8 10 | 10.9
Spellcasting   | 3 4 5 6 9 10 11 12 | 12.5
Stealth        | 2 3 4 5 |  5.0
Summonings     | 4 5 6 7 8 |  8.0
Air Magic      | 3 5 7 |  7.4
Conjurations   | 1 4 |  4.5

Action                   |  1- 3 |  4- 6 |  7- 9 | 10-12 || total
-------------------------+-------+-------+-------+-------++-------
Melee: Unarmed           |   189 |    28 |       |       ||   217
       Punch             |     5 |     2 |     2 |    12 ||    21
       Whip              |       |   112 |       |       ||   112
       Trident           |       |    35 |   235 |   583 ||   853
 Cast: Summon Small Mamm |    29 |     6 |     5 |     2 ||    42
       Call Imp          |       |     7 |     6 |     1 ||    14
       Call Canine Famil |       |     8 |    14 |    30 ||    52
       Summon Guardian G |       |       |     3 |     8 ||    11
       Animate Skeleton  |       |       |     2 |     9 ||    11
       Summon Lightning  |       |       |     1 |    18 ||    19
       Vampiric Draining |       |       |       |     4 ||     4
       Shock             |       |       |       |     3 ||     3
  Use: Potion            |     1 |       |       |     5 ||     6
       Scroll            |       |     2 |     2 |    12 ||    16
 Stab: Sleeping          |     3 |     4 |     2 |     3 ||    12
       Distracted        |     1 |       |     1 |     4 ||     6
Armor: Robe              |    71 |    46 |    29 |       ||   146
       Skin              |     4 |       |       |       ||     4
       Steam dragon scal |       |       |    14 |   315 ||   329
Dodge: Dodged            |   118 |   108 |   156 |   379 ||   761
       Repelled          |       |       |     2 |     8 ||    10
